Map: Abiogênese LE

Players

IagoAbreu - Winner!

  • Race: Zerg Zerg
  • League: Gold
  • Spawn Location: 11:00

SILVERXGUN

  • Race: Protoss Protoss
  • League: Silver
  • Spawn Location: 5:00

VOD

Have the link to the VOD?

Description

Time

  • Played on: May 9, 2018, 1:29 p.m.
  • Length: 4:58
Show
View Real Time Build Order
Export as new Build Order

IagoAbreu Zerg - Winner!

Build Orders: Pool First 

Get SALT Encoding   

  12  0:02  Drone  
  13  0:08  Drone  
  14  0:18  Overlord  
  14  0:21  Extractor  
  14  0:26  Drone  
  14  0:42  Spawning Pool  
  13  0:47  Drone  
  14  0:50  Drone  
  15  0:58  Drone  
  15  1:01  Drone  
  17  1:10  Drone  
  18  1:17  Evolution Chamber  
  17  1:23  Drone  
  18  1:30  Queen  
  20  1:41  Zergling x2  
  20  1:43  Drone  
  22  1:57  Overlord  
  22  1:59  Zerg Melee Weapons Level 1  
  22  2:06  Metabolic Boost  
  22  2:36  Zergling x6  
  25  2:39  Zergling x2  
  25  2:40  Zergling x4  
  27  2:44  Queen  
  29  2:51  Hatchery  
  28  3:03  Zergling x4  
  30  3:15  Overlord  
  30  3:20  Overlord  
  28  3:41  Zergling x6  
  29  3:59  Zergling x6  
  28  4:24  Zergling x6  
  28  4:25  Zergling x2  
Show
View Real Time Build Order
Export as new Build Order

SILVERXGUN Protoss 

Build Orders: 1 Gate Expand 

Get SALT Encoding   

  12  0:01  Probe  
  13  0:14  Probe  
  14  0:25  Pylon  
  14  0:26  Probe  
  15  0:43  Probe  
  15  0:46  Gateway  
  16  0:55  Probe  
  17  1:07  Probe  
  18  1:19  Nexus  
  18  1:27  Gateway  
  18  1:32  Probe  
  19  1:40  Assimilator  
  19  1:44  Probe  
  20  1:49  Pylon  
  20  2:04  Cybernetics Core  
  20  2:06  Probe  
  21  2:11  Zealot  
  23  2:18  Probe  
  23  2:59  Probe  
  23  3:03  Probe  
  25  3:11  Probe  
  26  3:15  Probe  
  27  3:23  Probe  
  27  3:24  Adept  
  27  3:26  Shield Battery  
  25  3:51  Adept  
  26  4:02  Probe x2  
  23  4:14  Probe x2  
  23  4:26  Probe  
Tags
 
Add a new tag
Caveats
  • Supply blocks, unpowered buildings, or Contaminate may cause inaccurate times.
  • Supply counts are checked every 10 seconds.